 Dungeon Crawl Stone Soup version 0.20.0-9-g8272e65 (webtiles) character file.

443 Minion the Chiller (level 6, -1/45 HPs)
             Began as a Draconian Ice Elementalist on June 3, 2017.
             Slain by a worldbinder (2 damage)
             ... summoned by miscasting Summon Ice Beast
             ... on level 4 of the Dungeon.
             The game lasted 00:08:59 (4094 turns).

Minion the Chiller (Draconian Ice Elementalist)     Turns: 4094, Time: 00:09:01

Health: -1/45      AC:  7    Str: 16    XL:     6   Next: 71%
Magic:  9/13       EV: 17    Int: 17    God:
Gold:   136        SH:  0    Dex: 16    Spells: 4/15 levels left

rFire    . . .     SeeInvis .   t - +0 hand axe
rCold    + . .     Gourm    .   (no shield)
rNeg     . . .     Faith    +   (armour unavailable)
rPois    .         Spirit   .   (helmet restricted)
rElec    .         Reflect  .   (no cloak)
rCorr    .         Harm     .   (no gloves)
MR       .....                  j - +0 pair of boots
Stlth    +++.......             i - amulet of faith
Regen    0.2/turn               (no ring)
MPRegen  0.2/turn               e - ring of protection from cold

@: mighty, agile, very slightly contaminated
A: unfitting armour, cold-blooded, AC +6
a: no special abilities


You were on level 4 of the Dungeon.
You were not hungry.

You visited 1 branch of the dungeon, and saw 4 of its levels.

You collected 136 gold pieces.

Inventory:

Hand Weapons
 t - a +0 hand axe (weapon)
Armour
 j - a +0 pair of boots (worn)
Jewellery
 e - a ring of protection from cold (right hand)
 i - an amulet of faith (around neck)
Wands
 k - a wand of disintegration (9/24)
 s - a wand of acid (7/15)
Scrolls
 d - a scroll of magic mapping
 f - 2 scrolls of identify
 n - a scroll of remove curse
Potions
 h - 2 potions of agility
 m - a potion of curing {unknown}
 o - a potion of invisibility {unknown}
 p - a potion of ambrosia {unknown}
 r - a potion of resistance {unknown}
Books
 a - a book of Frost

   Spells                             Type                      Level
   a - Freeze                         Ice                          1
   b - Throw Frost                    Conjuration/Ice              2
   c - Ozocubu's Armour               Charms/Ice                   3
   d - Throw Icicle                   Conjuration/Ice              4
   e - Summon Ice Beast               Ice/Summoning                4
Comestibles
 b - 3 bread rations
 c - 2 meat rations
 q - 4 chunks of flesh


   Skills:
 - Level 1.7 Dodging
 - Level 1.7 Stealth
 + Level 5.0 Spellcasting
 - Level 1.0 Conjurations
 + Level 5.7 Ice Magic


You had 4 spell levels left.
You knew the following spells:

 Your Spells              Type           Power        Failure   Level  Hunger
a - Freeze                Ice            ###.         1%          1    None
b - Throw Frost           Conj/Ice       ###...       5%          2    #......
c - Throw Icicle          Conj/Ice       ###.....     34%         4    ####...
d - Summon Ice Beast      Ice/Summ       ##......     41%         4    ####...


Dungeon Overview and Level Annotations

Branches:
Dungeon (4/15)
 Temple: D:4-7

Altars:


Innate Abilities, Weirdness & Mutations

Your plain brown scales are hard. (AC +6)
You cannot fit into any form of body armour.
You are cold-blooded and may be slowed by cold attacks.


Message History

* * * LOW HITPOINT WARNING * * *
The worldbinder hits you but does no damage.
The worldbinder hits you!
* * * LOW HITPOINT WARNING * * *
The orc wizard casts a spell at you. The magic dart hits you!
* * * LOW HITPOINT WARNING * * *
The insubstantial wisp thrums sharply.
Something is struck by lightning.
The lightning arcs!
The phantom is struck by lightning.
The lightning arcs!
The worldbinder is struck by lightning.
The lightning arcs!
The worldbinder is struck by lightning.
The lightning arcs!
The orc wizard is struck by lightning.
The lightning grounds out.
Casting: Summon Ice Beast
Confirm with . or Enter, or press ? or * to list all spells.
A chill wind blows around you.
The frilled lizard hisses angrily.
The orc shouts!
The worldbinder misses you. The worldbinder completely misses you.
The worldbinder hits you.
You die...

#.....<.......
###............. ...l
..................#
....
...(..............#
.....
.........>........
.l. ............)....
.o. [.............Y.#
#W#
....>..........v##W{#
.....##.######.#@ox#
.....##[#####cWxx###
.....##.##....cv##
.....##.##.....p#
######..##......##
#.###......?..#
#.#.......#####
#...#......#
#...##......#


You could see a vault sentinel, 2 yaktaurs, 3 worldbinders, a phantom, 2
wraiths, 2 insubstantial wisps, an orc wizard, an orc, a frilled lizard and a
friendly ice beast.

Vanquished Creatures
  Grinder (D:3)
  2 orc priests (D:4)
  An orc wizard (D:4)
  7 adders
  3 worms
  5 dart slugs
  2 leopard geckos
  7 orcs
  7 bats
  3 giant cockroaches
  10 hobgoblins
  4 jackals (D:1)
  2 frilled lizards
  12 goblins
  A jackal skeleton (D:4)
  2 kobolds (D:1)
  9 rats
78 creatures vanquished.

Notes
Turn   | Place    | Note
-------+----------+-------------------------------------------
     0 | D:1      | Minion the Draconian Ice Elementalist began the quest for the Orb.
     0 | D:1      | Reached XP level 1. HP: 14/14 MP: 3/3
   337 | D:1      | Reached XP level 2. HP: 17/20 MP: 1/5
   945 | D:1      | Learned a level 2 spell: Throw Frost
  1041 | D:1      | Reached XP level 3. HP: 26/26 MP: 4/7
  2259 | D:2      | Reached XP level 4. HP: 18/33 MP: 3/8
  2844 | D:3      | Noticed Grinder
  2867 | D:3      | Killed Grinder
  2867 | D:3      | Reached skill level 5 in Ice Magic
  2867 | D:3      | Reached XP level 5. HP: 8/38 MP: 1/11
  2867 | D:3      | Reached XP level 6. HP: 10/45 MP: 1/12
  3113 | D:3      | Learned a level 4 spell: Throw Icicle
  3118 | D:3      | Learned a level 4 spell: Summon Ice Beast
  3939 | D:4      | Reached skill level 5 in Spellcasting
  4087 | D:4      | Noticed a worldbinder
  4087 | D:4      | Noticed a worldbinder
  4087 | D:4      | Noticed a worldbinder
  4090 | D:4      | Noticed a swamp drake
  4090 | D:4      | Noticed a wraith
  4090 | D:4      | Noticed a shadow
  4090 | D:4      | Noticed a wraith
  4091 | D:4      | Noticed an insubstantial wisp
  4091 | D:4      | Noticed an insubstantial wisp
  4091 | D:4      | Noticed an insubstantial wisp
  4092 | D:4      | Noticed a vault sentinel
  4092 | D:4      | Noticed a yaktaur
  4093 | D:4      | Noticed a yaktaur
  4093 | D:4      | HP: 2/45 [worldbinder[miscasting Summon Ice Beast] (7)]
  4094 | D:4      | Slain by a worldbinder

Skill      XL: |  1  2  3  4  5  6 |
---------------+-------------------+-----
Spellcasting   | 3 4 5 |  5.0
Ice Magic      | 4 5 |  5.7
Dodging        | |  1.7
Stealth        | |  1.7
Conjurations   | |  1.0

Action                   |  1- 3 |  4- 6 || total
-------------------------+-------+-------++-------
Melee: Unarmed           |    81 |    12 ||    93
       Tailslap          |     4 |     1 ||     5
       Hand axe          |       |    47 ||    47
 Cast: Freeze            |    64 |    72 ||   136
       Throw Frost       |     1 |     8 ||     9
       Summon Ice Beast  |       |     1 ||     1
Evoke: Wand              |       |     1 ||     1
  Use: Potion            |     1 |     4 ||     5
       Scroll            |     3 |     3 ||     6
 Stab: Sleeping          |     2 |     2 ||     4
  Eat: Chunk             |     5 |     6 ||    11
Armor: Skin              |    35 |    48 ||    83
Dodge: Dodged            |    82 |    79 ||   161
